 Dungeon Crawl Stone Soup version 0.20.0-15-g7f486f2 (webtiles) character file.

44 greprep the Sneak (level 3, -2/21 HPs)
             Began as an Octopode Enchanter on June 27, 2017.
             Slain by a jackal (3 damage)
             ... on level 2 of the Dungeon.
             The game lasted 00:02:53 (1378 turns).

greprep the Sneak (Octopode Enchanter)              Turns: 1378, Time: 00:02:54

Health: -2/21      AC:  1    Str:  7    XL:     3   Next: 62%
Magic:  6/6        EV: 13    Int: 17    God:
Gold:   106        SH:  0    Dex: 13    Spells: 0/6 levels left

rFire    . . .     SeeInvis .   h - +1 dagger (holy)
rCold    . . .     Gourm    .   (no shield)
rNeg     . . .     Faith    .   (helmet restricted)
rPois    +         Spirit   .   (no amulet)
rElec    .         Reflect  .   n - ring of poison resistance
rCorr    .         Harm     .   (no ring)
MR       .....                  (no ring)
Stlth    ++++......             (no ring)
Regen    0.1/turn               (no ring)
MPRegen  0.1/turn               (no ring)
                                (no ring)
                                (no ring)

@: no status effects
A: almost no armour, stealthy swim, amphibious, 8 rings, constrict 8, camouflage
1, gelatinous body 1
a: no special abilities


You were on level 2 of the Dungeon.
You were not hungry.

You visited 1 branch of the dungeon, and saw 2 of its levels.

You collected 106 gold pieces.

Inventory:

Hand Weapons
 h - a +1 dagger of holy wrath (weapon)
Armour
 l - a +0 shield
Jewellery
 n - a ring of poison resistance (left tentacle)
Scrolls
 d - 2 scrolls of remove curse {unknown}
 e - a scroll of identify {unknown}
 g - a scroll of enchant weapon {unknown}
 j - a scroll of fear {unknown}
 p - a scroll of blinking {unknown}
Potions
 a - a potion of flight {unknown}
 f - 2 potions of heal wounds {unknown}
 i - 2 potions of resistance {unknown}
 m - a potion of curing
Books
 b - a book of Maledictions

   Spells                             Type                      Level
   a - Corona                         Hexes                        1
   b - Ensorcelled Hibernation        Hexes/Ice                    2
   c - Confuse                        Hexes                        3
   d - Tukima's Dance                 Hexes                        3
   e - Dazzling Spray                 Conjuration/Hexes            3
Comestibles
 c - 2 bread rations
 k - 2 meat rations
 o - a chunk of flesh


   Skills:
 - Level 1.0 Short Blades
 - Level 2.0 Dodging
 + Level 6.1 Stealth
 * Level 0.8 Shields
 - Level 2.0 Spellcasting
 - Level 3.0 Hexes


You couldn't memorise any spells.
You knew the following spells:

 Your Spells              Type           Power        Failure   Level  Hunger
a - Corona                Hex            ##.....      5%          1    #......
b - Ensorcelled Hibernat  Hex/Ice        #.....       16%         2    ###....
c - Confuse               Hex            ##......     17%         3    ###....


Dungeon Overview and Level Annotations

Branches:
Dungeon (2/15)

Altars:
Makhleb


Innate Abilities, Weirdness & Mutations

You cannot wear most types of armour.
You are very stealthy in the water. (Stealth+)
You are amphibious.
You can wear up to eight rings at the same time.
You can use your tentacles to constrict eight enemies at once.
Your skin changes colour to match your surroundings (Stealth+).
Your rubbery body absorbs attacks. (AC +1, EV +1)


Message History

The bat closely misses you. The jackal bites you. The bat barely misses you.
The bat closely misses you. The bat hits you. The bat hits you.
* * * LOW HITPOINT WARNING * * *
The ball python bites you but does no damage.
The ball python grabs you. The ball python constricts you.
The bat closely misses you. x2
You escape the ball python's grasp.
The bat closely misses you. The bat barely misses you. The bat misses you.
The ball python bites you.
* * * LOW HITPOINT WARNING * * *
The ball python barely misses you.
There is an escape hatch in the ceiling here.
The jackal completely misses you. The jackal bites you.
* * * LOW HITPOINT WARNING * * *
The ball python barely misses you. The ball python misses you.
The jackal bites you.
* * * LOW HITPOINT WARNING * * *
The jackal misses you. The jackal bites you.
You die...

....#### .....##.#
.......# #....#.#
###._..#### #....#.#
.....)....# #....#.#
..........# #......#
..........# #......#
..........# #......#
..........# ###....#'###
..........# #..b@h..>..#
.........h# #..hhS.....#
..........# #...b......#
....††÷..)###..........#
.......................#
#######................#
#...................
#.......########....
#.......# .....


You could see 3 jackals, 2 bats and a ball python.

Vanquished Creatures
  An adder (D:2)
  A leopard gecko (D:1)
  A ball python (D:1)
  4 bats (D:1)
  2 goblins (D:1)
  7 hobgoblins
  4 jackals (D:2)
  2 kobolds (D:1)
  A quokka (D:2)
  5 frilled lizards
  4 rats
32 creatures vanquished.

Notes
Turn   | Place    | Note
-------+----------+-------------------------------------------
     0 | D:1      | greprep the Octopode Enchanter began the quest for the Orb.
     0 | D:1      | Reached XP level 1. HP: 11/11 MP: 3/3
     6 | D:1      | Noticed a komodo dragon
     6 | D:1      | Noticed a soldier ant
     6 | D:1      | Noticed a centaur
   190 | D:1      | Reached XP level 2. HP: 10/17 MP: 5/5
   347 | D:1      | Reached skill level 5 in Stealth
   788 | D:1      | Reached XP level 3. HP: 21/21 MP: 6/6
   792 | D:1      | Learned a level 2 spell: Ensorcelled Hibernation
   800 | D:1      | Learned a level 3 spell: Confuse
  1207 | D:2      | Reached skill level 6 in Stealth
  1248 | D:2      | Found a burning altar of Makhleb.
  1378 | D:2      | HP: 1/21 [jackal (3)]
  1378 | D:2      | Slain by a jackal

Skill      XL: |  1  2  3 |
---------------+----------+-----
Stealth        | 5 6 |  6.1
Short Blades   | |  1.0
Dodging        | |  2.0
Shields        | |  0.8
Spellcasting   | |  2.0
Hexes          | |  3.0

Action                   || total
-------------------------++-------
Melee: Dagger            ||    80
       Constrict         ||    18
       Tentacles         ||    10
 Stab: Sleeping          ||     5
  Eat: Chunk             ||     1
Armor: Skin              ||    15
Dodge: Dodged            ||   120
